 Dungeon Crawl Stone Soup version 0.23.2-1-ga50397a6bc (webtiles) character file.

Game seed: 14890664614177067432

63 ibug the Shield-Bearer (level 4, -4/31 HPs)
             Began as a Halfling Fighter on Apr 29, 2019.
             Was an Initiate of Wu Jian.
             Slain by an orc warrior
             ... wielding a +0 broad axe
              (10 damage)
             ... on level 3 of the Dungeon.
             The game lasted 01:01:57 (1490 turns).

ibug the Shield-Bearer (Halfling Fighter)           Turns: 1490, Time: 01:01:58

Health: -4/31      AC: 11    Str: 22    XL:     4   Next: 31%
Magic:  4/4        EV:  6    Int:  6    God:    Wu Jian [......]
Gold:   42         SH: 10    Dex: 14    Spells: 3/3 levels left

rFire    . . .     SeeInvis .   g - +0 short sword
rCold    . . .     Gourm    .   c - +0 shield
rNeg     . . .     Faith    .   k - +0 plate armour {Charity of the Gods}
rPois    .         Spirit   .   (no helmet)
rElec    .         Reflect  .   (no cloak)
rCorr    .         Harm     .   (no gloves)
MR       .....                  (no boots)
Stlth    ..........             (no amulet)
HPRegen  0.10/turn              (no ring)
MPRegen  0.09/turn              (no ring)

@: mighty
A: small, mutation resistance 1
a: Renounce Religion


You were on level 3 of the Dungeon.
You worshipped Wu Jian.
Wu Jian was noncommittal.
You were not hungry.

You visited 1 branch of the dungeon, and saw 3 of its levels.

You collected 42 gold pieces.

Inventory:

Hand Weapons
 a - a +0 war axe
 g - a +0 short sword (weapon)
 h - a +0 dagger
 p - a +0 hand axe
 r - a +0 hunting sling
 w - a +0 mace
Missiles
 j - 29 bolts
 l - 59 sling bullets
 s - 17 stones (quivered)
Armour
 b - a +0 scale mail
 c - a +0 shield (worn)
 e - a +0 robe
 k - a +0 plate armour (worn) {Charity of the Gods}
 n - a +0 robe
Scrolls
 q - a scroll of enchant armour {unknown}
 x - a scroll of fog
Potions
 m - a potion of curing {unknown}
 o - 2 potions of brilliance {unknown}
 t - 2 potions of resistance {unknown}
 u - a potion of cancellation {unknown}
 v - a potion of magic {unknown}
Comestibles
 f - 4 rations


   Skills:
 + Level 3.1 Fighting
 + Level 2.7 Axes
 + Level 0.1 Throwing
 + Level 3.5 Armour
 * Level 1.1 Dodging
 * Level 1.0 Stealth
 + Level 3.6 Shields


You had 3 spell levels left.
You didn't know any spells.
Your spell library was empty.

Dungeon Overview and Level Annotations

Branches:
Dungeon (3/15)

Altars:
Ashenzari
Cheibriados
Ru
Wu Jian

Annotations:
D:3 1 transporter


Innate Abilities, Weirdness & Mutations

You are small and have problems with some larger weapons.
You are somewhat resistant to further mutation.


Message History

You block the hound's attack.
The ball python bites you but does no damage.
The ball python constricts you.
The orc warrior hits you with a +0 broad axe!
* * * LOW HITPOINT WARNING * * *
The hound bites you but does no damage.
You hit the ball python.
You kill the ball python!
The Council accepts your kill. You block the hound's attack.
You block the orc warrior's attack.
You feel very mighty all of a sudden. The hound completely misses you.
The worker ant zombie bites you but does no damage.
The hound barely misses you.
You hit the worker ant zombie.
The worker ant zombie is moderately damaged.
The hound barely misses you.
The worker ant zombie bites you but does no damage.
The orc warrior hits you with a +0 broad axe!
You die...

#......... .....
#......# ...... ##h#####
......
#####...######....
##.....©.)...#..#
#..#########...#
#.##8.....8##.####.##.#
#.#...hZo...#..........
#.#.#..@%.#.#.###...#.##
#.#..#...#..#.# #.....
#.#........©#.# ..#....#
#.#..#...#..#.# .##.#..#
#.#.#.....#.#.# .##.....
#.#..)$$?[..#.##.##.<#..
#.##8$$_.$8##.#..#....>#
#. #########..#.##...###
....©.............#


You could see an orc warrior, a hound, a worker ant zombie and a jackal.

Vanquished Creatures
  An adder (D:2)
  2 worms (D:2)
  2 dart slugs (D:2)
  A leopard gecko (D:1)
  3 ball pythons
  2 bats (D:1)
  3 giant cockroaches
  6 hobgoblins
  3 jackals (D:1)
  2 quokkas
  2 frilled lizards
  3 goblins
  4 kobolds
  8 rats
42 creatures vanquished.

Notes
Turn   | Place    | Note
-------+----------+-------------------------------------------
     0 | D:1      | ibug the Halfling Fighter began the quest for the Orb.
     0 | D:1      | Reached XP level 1. HP: 15/15 MP: 1/1
    56 | D:1      | Reached XP level 2. HP: 16/20 MP: 2/2
   561 | D:1      | Reached XP level 3. HP: 26/26 MP: 3/3
   860 | D:2      | Found a snail-covered altar of Cheibriados.
  1129 | D:2      | Reached skill level 1 in Dodging
  1218 | D:2      | Reached XP level 4. HP: 23/31 MP: 4/4
  1374 | D:2      | Found an ornate altar of the Wu Jian Council.
  1386 | D:2      | Became a worshipper of the Wu Jian Council
  1430 | D:3      | Reached skill level 1 in Stealth
  1437 | D:3      | Found a shattered altar of Ashenzari.
  1444 | D:3      | Found a transporter.
  1445 | D:3      | Found a sacrificial altar of Ru.
  1445 | D:3      | Noticed an orc warrior
  1458 | D:3      | Found a transporter.
  1490 | D:3      | Slain by an orc warrior

Skill      XL: |  1  2  3  4 |
---------------+-------------+-----
Fighting       | 3 |  3.1
Dodging        | 1 |  1.1
Stealth        | 1 |  1.0
Axes           | |  2.7
Throwing       | |  0.1
Armour         | |  3.5
Shields        | |  3.6

Action                   |  1- 3 |  4- 6 || total
-------------------------+-------+-------++-------
Melee: War axe           |    98 |    18 ||   116
       Short sword       |       |     3 ||     3
 Fire: Hunting sling     |     3 |     2 ||     5
Throw: Stone             |     7 |       ||     7
  Use: Scroll            |     1 |     1 ||     2
       Potion            |       |     1 ||     1
  Eat: Ration            |       |     1 ||     1
       Chunk             |       |     1 ||     1
Armor: Scale mail        |    18 |       ||    18
       Plate armour      |    32 |    22 ||    54
Dodge: Dodged            |    36 |     6 ||    42
Block: Shield            |    52 |    16 ||    68
